MLB
LOS ANGELES DODGERS @ WASHINGTON NATIONALS
05/16/2098
 
TOP OF THE 1ST
Los Angeles Dodgers batting - Pitching for Washington Nationals : LHP Manny Arellano
Pitching: LHP Manny Arellano
Batting: RHB Bryan Uplinger 0-0: Ball
1-0: Foul Ball, location: 9LSF
1-1: Called Strike
1-2: Ball
2-2: Ball
3-2: Base on Balls
Batting: RHB Dan Boyd 0-0: Called Strike
0-1: Called Strike
Bryan Uplinger is caught stealing 2nd base 2-4
0-2: Ball
1-2: Foul Ball, location: 25FF
1-2: Foul Ball, location: 7LSF
1-2: Ball
2-2: Ground out 6-3 (Groundball, 6M, EV 79.4 MPH)
Batting: RHB John Spohn 0-0: Called Strike
0-1: Foul Ball, location: 2F
0-2: Ground out 6-3 (Groundball, 6, EV 108.1 MPH)
Top of the 1st over - 0 runs, 0 hits, 0 errors, 0 left on base; Los Angeles 0 - Washington 0
BOTTOM OF THE 1ST
Washington Nationals batting - Pitching for Los Angeles Dodgers : LHP Scott Lahoda
Pitching: LHP Scott Lahoda
Batting: RHB Luis Rivera 0-0: Reached via error on a dropped throw from 1B, E1 (Groundball, 34S, EV 87.5 MPH)
Batting: SHB Kyle Spencer 0-0: Ball
1-0: Ball
2-0: Called Strike
2-1: Called Strike
2-2: Foul Ball, location: 7LSF
2-2: Ball
3-2: Base on Balls
Luis Rivera to second
Batting: LHB Bubba Main 0-0: Grounds out, U3 (Groundball, 3L, EV 85.6 MPH)
Luis Rivera to third
Batting: RHB Jon Young 0-0: Ball
1-0: Ball
2-0: Ground out 4-3 (Groundball, 34D, EV 98.1 MPH)
Batting: RHB Jose Orozco 0-0: Called Strike
0-1: Foul Ball, location: 2F
0-2: Ball
1-2: Ball
2-2: Foul Ball, location: 9LSF
2-2: Strikes out swinging
Bottom of the 1st over - 0 runs, 0 hits, 1 error, 2 left on base; Los Angeles 0 - Washington 0
TOP OF THE 2ND
Los Angeles Dodgers batting - Pitching for Washington Nationals : LHP Manny Arellano
Batting: RHB Victor Salinas 0-0: Ball
1-0: Ball
2-0: Foul Ball, location: 5FF
2-1: Ball
3-1: Base on Balls
Batting: RHB Brad Horwath 0-0: Ball
1-0: Called Strike
1-1: Foul Ball, location: 5F
1-2: Ball
2-2: Strikes out swinging
Batting: RHB Luis Lozada 0-0: Fly out, F8 (Flyball, 8RM, EV 90.0 MPH)
Batting: SHB Freddie Mitchell 0-0: Ball
1-0: Ball
2-0: Ground out 1-3 (Groundball, 34S, EV 71.3 MPH)
Top of the 2nd over - 0 runs, 0 hits, 0 errors, 1 left on base; Los Angeles 0 - Washington 0
BOTTOM OF THE 2ND
Washington Nationals batting - Pitching for Los Angeles Dodgers : LHP Scott Lahoda
Batting: RHB Isaiah Williams 0-0: Foul Ball, location: 5SF
0-1: Ball
1-1: Foul Ball, location: 9LDF
1-2: SOLO HOME RUN (Flyball, 78XD, EV 105.0 MPH), Distance : 393 ft
Batting: LHB Jose Lara 0-0: Ball
1-0: Called Strike
1-1: Ball
2-1: SINGLE (Groundball, 34D, EV 101.9 MPH)
Batting: RHB Mario Garcia 0-0: Foul Ball, location: 9LSF
0-1: Fly out, F8 (Flyball, 8LXD, EV 85.0 MPH)
Batting: LHB Sean Weaver 0-0: Ball
1-0: Called Strike
1-1: Foul Ball, location: 7LSF
1-2: Strikes out swinging
Batting: RHB Luis Rivera 0-0: Ball
1-0: Fly out, F3 (Popup, 3S, EV 78.8 MPH)
Bottom of the 2nd over - 1 run, 2 hits, 0 errors, 1 left on base; Los Angeles 0 - Washington 1
TOP OF THE 3RD
Los Angeles Dodgers batting - Pitching for Washington Nationals : LHP Manny Arellano
Batting: LHB Mike Jessie 0-0: Called Strike
0-1: Foul Ball, location: 3SF
0-2: Strikes out swinging
Batting: SHB Jason Avsar 0-0: Called Strike
0-1: Fly out, F8 (Line Drive, 8LD, EV 93.1 MPH)
Batting: RHB Bryan Uplinger 0-0: SOLO HOME RUN (Line Drive, 7D, EV 103.1 MPH), Distance : 372 ft
Batting: RHB Dan Boyd 0-0: Ball
1-0: Foul Ball, location: 5F
1-1: Ball
2-1: SINGLE (Line Drive, 56, EV 99.4 MPH)
Batting: RHB John Spohn 0-0: Called Strike
0-1: Called Strike
0-2: Ball
1-2: Strikes out swinging
Top of the 3rd over - 1 run, 2 hits, 0 errors, 1 left on base; Los Angeles 1 - Washington 1
BOTTOM OF THE 3RD
Washington Nationals batting - Pitching for Los Angeles Dodgers : LHP Scott Lahoda
Batting: SHB Kyle Spencer 0-0: Called Strike
0-1: Ball
1-1: Ground out 6-3 (Groundball, 6, EV 101.3 MPH)
Batting: LHB Bubba Main 0-0: Called Strike
0-1: Foul Ball, location: 3SF
0-2: Ball
1-2: Ball
2-2: Fly out, F7 (Flyball, 7D, EV 90.6 MPH)
Batting: RHB Jon Young 0-0: Ball
1-0: Foul Ball, location: 9LDF
1-1: Ball
2-1: Foul Ball, location: 5FF
2-2: SINGLE (Groundball, 4D, EV 97.5 MPH)
Batting: RHB Jose Orozco 0-0: Ball
Jon Young steals 2nd base
1-0: Foul Ball, location: 25F
1-1: 2-RUN HOME RUN (Flyball, 7D, EV 105.0 MPH), Distance : 381 ft
Batting: RHB Isaiah Williams 0-0: Foul Ball, location: 25F
0-1: Called Strike
0-2: Ball
1-2: Ground out 6-3 (Groundball, P, EV 81.3 MPH)
Bottom of the 3rd over - 2 runs, 2 hits, 0 errors, 0 left on base; Los Angeles 1 - Washington 3
TOP OF THE 4TH
Los Angeles Dodgers batting - Pitching for Washington Nationals : LHP Manny Arellano
Batting: RHB Victor Salinas 0-0: Called Strike
0-1: Fly out, F7 (Flyball, 7S, EV 96.3 MPH)
Batting: RHB Brad Horwath 0-0: Ball
1-0: Ball
2-0: Ball
3-0: Base on Balls
Batting: RHB Luis Lozada 0-0: Fly out, F7 (Flyball, 7, EV 91.9 MPH)
Batting: SHB Freddie Mitchell 0-0: Ball
1-0: Fly out, F3 (Line Drive, 3L, EV 76.3 MPH)
Top of the 4th over - 0 runs, 0 hits, 0 errors, 1 left on base; Los Angeles 1 - Washington 3
BOTTOM OF THE 4TH
Washington Nationals batting - Pitching for Los Angeles Dodgers : LHP Scott Lahoda
Pitching: RHP Eric Beattie
Batting: LHB Jose Lara 0-0: Ground out 4-3 (Groundball, 4, EV 86.3 MPH)
Batting: RHB Mario Garcia 0-0: Ball
1-0: Foul Ball, location: 2F
1-1: Called Strike
1-2: Ball
2-2: Strikes out swinging
Batting: LHB Sean Weaver 0-0: Ball
1-0: Called Strike
1-1: Foul Ball, location: 2F
1-2: Strikes out swinging
Bottom of the 4th over - 0 runs, 0 hits, 0 errors, 0 left on base; Los Angeles 1 - Washington 3
TOP OF THE 5TH
Los Angeles Dodgers batting - Pitching for Washington Nationals : LHP Manny Arellano
Batting: LHB Mike Jessie 0-0: Ball
1-0: Ball
2-0: SINGLE (Flyball, 5D, EV 86.9 MPH)
Batting: SHB Jason Avsar 0-0: DOUBLE (Line Drive, 78D, EV 100.0 MPH)
Mike Jessie to third
Batting: RHB Bryan Uplinger 0-0: Called Strike
0-1: Ground out 6-3 (Groundball, 6, EV 81.9 MPH)
Batting: RHB Dan Boyd 0-0: DOUBLE (Line Drive, 9LS, EV 110.6 MPH)
Mike Jessie scores
Jason Avsar scores
Batting: RHB John Spohn 0-0: Foul Ball, location: 7LMFF
0-1: Fly out, F7 (Line Drive, 7S, EV 105.0 MPH)
Batting: RHB Victor Salinas 0-0: SINGLE (Groundball, 6M, EV 80.0 MPH)
Dan Boyd to third
Runner from 3rd tries for Home, SAFE, throw by CF to home
Batting: RHB Brad Horwath 0-0: Ball
1-0: Called Strike
1-1: Foul Ball, location: 5SF
1-2: SINGLE (Line Drive, 34D, EV 96.9 MPH)
Victor Salinas to second
Batting: RHB Luis Lozada 0-0: Foul Ball, location: 9LDF
0-1: Called Strike
0-2: Ball
1-2: Ball
2-2: Ball
3-2: Base on Balls
Victor Salinas to third
Brad Horwath to second
Batting: SHB Freddie Mitchell 0-0: Fly out, F8 (Flyball, 8LXD, EV 106.3 MPH)
Top of the 5th over - 3 runs, 5 hits, 0 errors, 3 left on base; Los Angeles 4 - Washington 3
BOTTOM OF THE 5TH
Washington Nationals batting - Pitching for Los Angeles Dodgers : RHP Eric Beattie
Batting: RHB Luis Rivera 0-0: SINGLE (Line Drive, 78S, EV 91.9 MPH)
Batting: SHB Kyle Spencer 0-0: Called Strike
0-1: Grounds into double play, 4-6-3 (Groundball, 4S, EV 85.6 MPH)
Batting: LHB Bubba Main 0-0: Called Strike
0-1: Ground out 6-3 (Groundball, 6S, EV 85.0 MPH)
Bottom of the 5th over - 0 runs, 1 hit, 0 errors, 0 left on base; Los Angeles 4 - Washington 3
TOP OF THE 6TH
Los Angeles Dodgers batting - Pitching for Washington Nationals : LHP Manny Arellano
Batting: LHB Mike Jessie 0-0: Swinging Strike
0-1: Ground out 4-3 (Groundball, 4, EV 82.5 MPH)
Batting: SHB Jason Avsar 0-0: Called Strike
0-1: Ball
1-1: Foul Ball, location: 7LSF
1-2: Foul Ball, location: 7LMF
1-2: DOUBLE (Flyball, 89XD, EV 105.6 MPH) - OUT at third base trying to stretch hit.
Batting: RHB Bryan Uplinger 0-0: Ground out 1-3 (Groundball, 15S, EV 69.4 MPH)
Top of the 6th over - 0 runs, 1 hit, 0 errors, 0 left on base; Los Angeles 4 - Washington 3
BOTTOM OF THE 6TH
Washington Nationals batting - Pitching for Los Angeles Dodgers : RHP Eric Beattie
Batting: RHB Jon Young 0-0: Called Strike
0-1: Ball
1-1: Foul Ball, location: 3DF
1-2: Strikes out swinging
Batting: RHB Jose Orozco 0-0: Ball
1-0: Called Strike
1-1: Swinging Strike
1-2: Ball
2-2: Foul Ball, location: 2F
2-2: Strikes out swinging
Batting: RHB Isaiah Williams 0-0: Ball
1-0: Called Strike
1-1: Called Strike
1-2: Ball
2-2: TRIPLE (Flyball, 89XD, EV 106.9 MPH)
Pitching: LHP Mike Rumschlag
Batting: LHB Jose Lara 0-0: Foul Ball, location: 7LMF
0-1: Ball
1-1: DOUBLE (Flyball, 78XD, EV 105.0 MPH)
Isaiah Williams scores
Batting: RHB Mario Garcia 0-0: Called Strike
0-1: Ball
1-1: SINGLE (Groundball, 4MD, EV 98.8 MPH)
Jose Lara to third
Runner from 3rd tries for Home, SAFE, throw by CF to home
Batting: LHB Sean Weaver 0-0: Ball
1-0: Called Strike
1-1: Swinging Strike
1-2: Ball
2-2: Ball
3-2: SINGLE (Groundball, 6MD, EV 107.5 MPH)
Mario Garcia to second
Mario Garcia to third
Batting: RHB Luis Rivera 0-0: Ball
1-0: Foul Ball, location: 2F
1-1: Ball
2-1: Ball
3-1: Foul Ball, location: 9LMF
3-2: Strikes out swinging
Bottom of the 6th over - 2 runs, 4 hits, 0 errors, 2 left on base; Los Angeles 4 - Washington 5
TOP OF THE 7TH
Los Angeles Dodgers batting - Pitching for Washington Nationals : LHP Manny Arellano
Batting: RHB Dan Boyd 0-0: Ball
1-0: Fly out, F3 (Popup, 34, EV 61.9 MPH)
Batting: RHB John Spohn 0-0: Ball
1-0: Ball
2-0: SINGLE (Groundball, 4MD, EV 94.4 MPH)
Batting: RHB Victor Salinas 0-0: Ball
1-0: Called Strike
1-1: Grounds into double play, 5-4-3 (Groundball, 56S, EV 85.6 MPH)
Top of the 7th over - 0 runs, 1 hit, 0 errors, 0 left on base; Los Angeles 4 - Washington 5
BOTTOM OF THE 7TH
Washington Nationals batting - Pitching for Los Angeles Dodgers : LHP Mike Rumschlag
Batting: SHB Kyle Spencer 0-0: SINGLE (Groundball, 34D, EV 101.9 MPH)
Batting: LHB Bubba Main 0-0: Called Strike
0-1: Ball
1-1: Fly out, F7 (Flyball, 7, EV 75.6 MPH)
Batting: RHB Jon Young 0-0: Ball
1-0: Called Strike
1-1: Grounds into double play, 4-6-3 (Groundball, 13, EV 93.8 MPH)
Bottom of the 7th over - 0 runs, 1 hit, 0 errors, 0 left on base; Los Angeles 4 - Washington 5
TOP OF THE 8TH
Los Angeles Dodgers batting - Pitching for Washington Nationals : LHP Manny Arellano
Pitching: RHP Gene Bowman
Batting: LHB Jose Camacho 0-0: Called Strike
0-1: Called Strike
0-2: Ball
1-2: Ball
2-2: Foul Ball, location: 2F
2-2: Strikes out swinging
Pinch Hitting: LHB Tim Cooke 0-0: Foul Ball, location: 7LSF
0-1: Called Strike
0-2: Ball
1-2: Foul Ball, location: 2F
1-2: Ground out 4-3 (Groundball, 4, EV 91.3 MPH)
Pinch Hitting: LHB Joel Holden 0-0: Foul Ball, location: 5F
0-1: Ball
1-1: Foul Ball, location: 23F
1-2: Ball
2-2: Foul Ball, location: 7LSF
2-2: Ball
3-2: Base on Balls
Batting: LHB Mike Jessie 0-0: Called Strike
0-1: Ball
1-1: Called Strike
1-2: Ball
2-2: Fielders Choice at 2nd, 6-4 (Groundball, 6, EV 101.3 MPH)
Top of the 8th over - 0 runs, 0 hits, 0 errors, 1 left on base; Los Angeles 4 - Washington 5
BOTTOM OF THE 8TH
Washington Nationals batting - Pitching for Los Angeles Dodgers : LHP Mike Rumschlag
Pitching: LHP Erik Baggett
Now at 3B: Jason Avsar
Now at SS: Raul Gallegos
Now in LF: Joel Holden
Now in CF: Bryan Uplinger
Batting: RHB Jose Orozco 0-0: Ball
1-0: Foul Ball, location: 9LDF
1-1: Called Strike
1-2: Strikes out swinging
Batting: RHB Isaiah Williams 0-0: Ball
1-0: SOLO HOME RUN (Line Drive, 7D, EV 97.5 MPH), Distance : 387 ft
Batting: LHB Jose Lara 0-0: Fly out, F8 (Flyball, 8RD, EV 96.3 MPH)
Batting: RHB Mario Garcia 0-0: Ground out 4-3 (Groundball, 4M, EV 87.5 MPH)
Bottom of the 8th over - 1 run, 1 hit, 0 errors, 0 left on base; Los Angeles 4 - Washington 6
TOP OF THE 9TH
Los Angeles Dodgers batting - Pitching for Washington Nationals : RHP Gene Bowman
Pitching: RHP Curt Tupper
Batting: SHB Jason Avsar 0-0: Foul Ball, location: 23FF
0-1: Called Strike
0-2: Ball
1-2: Strikes out swinging
Batting: RHB Bryan Uplinger 0-0: SINGLE (Flyball, 5D, EV 91.3 MPH)
Batting: RHB Dan Boyd Balk!
Bryan Uplinger to second
0-0: Ball
1-0: Called Strike
1-1: Foul Ball, location: 5F
1-2: Strikes out looking
Batting: RHB John Spohn 0-0: Foul Ball, location: 23F
0-1: Hit by Pitch
Batting: RHB Victor Salinas 0-0: Ball
1-0: Swinging Strike
1-1: Fly out, F6 (Popup, 6MS, EV 68.1 MPH)
Top of the 9th over - 0 runs, 1 hit, 0 errors, 2 left on base; Los Angeles 4 - Washington 6
Thursday, April 4th , 2024 - OOTP Baseball 24.11 Build 85